Selects Advanced Infantry Battlegroup
Selects Convert to Ranger Squad
Selects Frontline Medical Station
Selects Ranger Weapon Training
Selects Ammunition Storage
Selects M2A1 105mm Howitzer Emplacement
Selects 155mm Rapid Artillery Barrage
155mm Rapid Artillery Barrage
Construct Weapon Support Center
M3 Armored Personnel Carrier
Improved M9 Bazooka Rockets
M3 Armored Personnel Carrier
M3 Armored Personnel Carrier